[ AOE2 MATCH · #465146752 ]
UnrankedMongols vs Britons
[ REPLAY ANALYSIS · EXTRACTED FROM THE RECORDED GAME ]
Feudal
10:12
Castle
17:44
Imperial
37:15
| APM avg | 32.3 |
| APM peak | 81 |
| eAPM avg | 12.6 |
| Villagers / military | 135 / 108 |
Focus
⚔️ 23.8% · 🌾 76.2%
Mangudai ×82 · Scout Cavalry ×15 · Trebuchet (Packed) ×8 · Spearman ×3
Feudal
10:11
Castle
22:48
Imperial
42:50
| APM avg | 32.9 |
| APM peak | 67 |
| eAPM avg | 20.9 |
| Villagers / military | 133 / 288 |
Focus
⚔️ 45.6% · 🌾 54.4%
Skirmisher ×115 · Archer ×78 · Longbowman ×64 · Spearman ×21 · Trebuchet (Packed) ×10 · Trade Cart ×1
Feudal
12:11
Castle
18:41
Imperial
45:35
| APM avg | 20.9 |
| APM peak | 43 |
| eAPM avg | 13.5 |
| Villagers / military | 147 / 119 |
Focus
⚔️ 20.3% · 🌾 79.7%
Knight ×91 · Scout Cavalry ×18 · Trebuchet (Packed) ×6 · Conquistador ×4
Feudal
8:55
Castle
20:36
Imperial
41:33
| APM avg | 17.7 |
| APM peak | 50 |
| eAPM avg | 8.8 |
| Villagers / military | 108 / 74 |
Focus
⚔️ 31.5% · 🌾 68.5%
Knight ×39 · Skirmisher ×19 · Battering Ram ×6 · Scout Cavalry ×4 · Monk ×3 · Trebuchet (Packed) ×2
Match map
Initial resources + every placement click. Lines = walls · curves = elevation contours. ◆ gold · ⬟ stone · ● berries · ✦ relic · ◌ wall gap
Your base· Open — unwalled flank
For Ged's eyes only's base· Open — unwalled flank
baresflorian1990's base· ✓ Closed at 18:41 · 90t walls · no gate
Hinbin's base· Open — 11t gap
Smoothed initial terrain · ◌ = detected wall gap · hover for details
Inputs per minute
— strongfire2002 - - For Ged's eyes only
Build order — strongfire2002
First 150 of 304 actions detected
| 0:03 | Create | Villager (Male) |
| 0:03 | Create | Villager (Male) |
| 0:03 | Create | Villager (Male) |
| 0:03 | Create | Villager (Male) |
| 0:06 | Build | House |
| 0:07 | Build | House |
| 1:41 | Create | Villager (Male) |
| 1:53 | Build | Lumber Camp |
| 2:18 | Create | Villager (Male) |
| 2:18 | Create | Villager (Male) |
| 2:38 | Create | Villager (Male) |
| 2:38 | Create | Villager (Male) |
| 2:51 | Create | Villager (Male) |
| 3:13 | Create | Villager (Male) |
| 3:13 | Create | Villager (Male) |
| 3:47 | Build | Mill |
| 3:50 | Create | Villager (Male) |
| 3:58 | Create | Villager (Male) |
| 4:20 | Build | House |
| 4:33 | Create | Villager (Male) |
| 5:01 | Create | Villager (Male) |
| 5:23 | Create | Villager (Male) |
| 6:22 | Create | Villager (Male) |
| 6:25 | Create | Villager (Male) |
| 6:45 | Build | House |
| 6:51 | Research | Loom |
| 6:53 | Create | Villager (Male) |
| 7:22 | Build | Mill |
| 7:29 | Build | Mill |
| 7:44 | Research | Feudal Age |
| 8:04 | Build | Farm |
| 8:06 | Build | Farm |
| 8:31 | Build | House |
| 8:42 | Build | Palisade Wall |
| 8:57 | Build | Palisade Gate |
| 9:02 | Create | Villager (Male) |
| 9:02 | Create | Villager (Male) |
| 9:09 | Build | Barracks |
| 9:36 | Build | House |
| 10:12 | Age | Feudal Age |
| 10:45 | Build | Stable |
| 11:05 | Create | Villager (Male) |
| 11:05 | Create | Villager (Male) |
| 11:09 | Research | Double-Bit Axe |
| 11:24 | Create | Spearman |
| 11:33 | Create | Spearman |
| 11:44 | Create | Villager (Male) |
| 11:57 | Build | Farm |
| 12:01 | Build | Farm |
| 12:23 | Create | Villager (Male) |
| 12:23 | Create | Villager (Male) |
| 12:28 | Build | Mining Camp |
| 12:40 | Research | Horse Collar |
| 13:00 | Create | Villager (Male) |
| 13:10 | Build | Market |
| 13:19 | Create | Villager (Male) |
| 13:23 | Create | Spearman |
| 13:56 | Create | Villager (Male) |
| 14:05 | Build | House |
| 14:14 | Build | Blacksmith |
| 14:19 | Create | Villager (Male) |
| 15:04 | Research | Castle Age |
| 15:05 | Create | Villager (Male) |
| 15:08 | Create | Villager (Male) |
| 15:27 | Create | Villager (Male) |
| 16:46 | Research | Gold Mining |
| 17:44 | Age | Castle Age |
| 18:22 | Build | Town Center |
| 18:50 | Research | Wheelbarrow |
| 18:56 | Create | Villager (Male) |
| 18:57 | Create | Villager (Male) |
| 18:57 | Create | Villager (Male) |
| 19:31 | Build | Town Center |
| 19:43 | Build | Lumber Camp |
| 19:52 | Create | Villager (Male) |
| 19:53 | Create | Villager (Male) |
| 19:53 | Create | Villager (Male) |
| 19:53 | Create | Villager (Male) |
| 20:43 | Build | Castle |
| 20:55 | Build | Mining Camp |
| 20:58 | Create | Villager (Male) |
| 20:59 | Create | Villager (Male) |
| 20:59 | Create | Villager (Male) |
| 20:59 | Create | Villager (Male) |
| 20:59 | Create | Villager (Male) |
| 21:22 | Build | Lumber Camp |
| 21:39 | Create | Villager (Male) |
| 21:44 | Build | House |
| 21:45 | Build | House |
| 21:46 | Build | House |
| 22:00 | Create | Mangudai |
| 22:00 | Create | Mangudai |
| 22:00 | Create | Mangudai |
| 22:12 | Build | Farm |
| 22:16 | Build | Farm |
| 22:20 | Build | Farm |
| 22:30 | Build | Farm |
| 22:34 | Build | Farm |
| 22:37 | Create | Villager (Male) |
| 22:43 | Build | Farm |
| 22:49 | Build | Farm |
| 22:54 | Create | Mangudai |
| 23:07 | Build | Farm |
| 23:20 | Create | Mangudai |
| 23:20 | Create | Mangudai |
| 23:27 | Research | Fletching |
| 23:44 | Create | Mangudai |
| 23:45 | Create | Mangudai |
| 23:51 | Create | Villager (Male) |
| 23:56 | Build | Farm |
| 24:02 | Build | Farm |
| 24:05 | Build | Farm |
| 24:10 | Build | Farm |
| 24:16 | Build | Farm |
| 24:53 | Create | Mangudai |
| 24:54 | Create | Mangudai |
| 24:54 | Create | Mangudai |
| 24:56 | Research | Bodkin Arrow |
| 24:57 | Research | Padded Archer Armor |
| 24:58 | Research | Padded Archer Armor |
| 25:23 | Create | Mangudai |
| 25:23 | Create | Mangudai |
| 25:23 | Create | Mangudai |
| 26:04 | Create | Villager (Male) |
| 26:04 | Create | Villager (Male) ×5 |
| 26:04 | Create | Villager (Male) ×5 |
| 26:07 | Create | Mangudai ×5 |
| 26:46 | Build | University |
| 26:55 | Create | Villager (Male) |
| 26:56 | Create | Villager (Male) |
| 26:56 | Create | Villager (Male) |
| 26:59 | Create | Villager (Male) |
| 26:59 | Create | Villager (Male) |
| 27:00 | Create | Villager (Male) |
| 27:24 | Build | Mining Camp |
| 27:31 | Create | Villager (Male) |
| 27:31 | Create | Villager (Male) |
| 27:32 | Create | Villager (Male) |
| 27:32 | Create | Villager (Male) |
| 27:38 | Create | Mangudai |
| 27:38 | Create | Mangudai |
| 27:47 | Research | Stone Mining |
| 27:55 | Build | Farm |
| 28:36 | Build | House |
| 28:37 | Build | House |
| 29:18 | Research | Ballistics |
| 29:22 | Research | Leather Archer Armor |
| 29:42 | Research | Wheelbarrow |
| 29:42 | Create | Villager (Male) ×5 |
| 29:43 | Create | Villager (Male) |
Build order — For Ged's eyes only
First 150 of 573 actions detected
| 0:01 | Create | Villager (Male) |
| 0:02 | Create | Villager (Male) |
| 0:03 | Build | House |
| 0:05 | Build | House |
| 0:23 | Create | Villager (Male) |
| 0:36 | Create | Villager (Male) |
| 0:36 | Create | Villager (Male) |
| 1:19 | Create | Villager (Male) |
| 1:53 | Create | Villager (Male) |
| 1:57 | Build | Lumber Camp |
| 2:03 | Create | Villager (Male) |
| 2:34 | Build | House |
| 2:35 | Build | House |
| 2:38 | Create | Villager (Male) |
| 3:17 | Create | Villager (Male) |
| 3:52 | Create | Villager (Male) |
| 4:10 | Create | Villager (Male) |
| 4:23 | Create | Villager (Male) |
| 4:29 | Build | House |
| 4:31 | Build | House |
| 5:23 | Create | Villager (Male) |
| 5:23 | Create | Villager (Male) |
| 6:13 | Build | Mill |
| 6:17 | Build | Palisade Wall |
| 6:33 | Build | Mill |
| 7:01 | Create | Villager (Male) |
| 7:01 | Create | Villager (Male) |
| 7:38 | Build | House |
| 7:40 | Build | Palisade Wall |
| 8:02 | Research | Feudal Age |
| 8:03 | Research | Loom |
| 8:09 | Build | Mining Camp |
| 8:39 | Build | Lumber Camp |
| 9:33 | Create | Villager (Male) |
| 9:33 | Create | Villager (Male) |
| 10:10 | Build | Barracks |
| 10:11 | Age | Feudal Age |
| 10:16 | Research | Double-Bit Axe |
| 10:44 | Research | Gold Mining |
| 10:48 | Create | Villager (Male) |
| 11:10 | Create | Spearman |
| 11:15 | Build | House |
| 11:17 | Build | House |
| 11:23 | Build | Archery Range |
| 11:31 | Create | Villager (Male) |
| 11:31 | Create | Villager (Male) |
| 11:47 | Create | Villager (Male) |
| 12:03 | Create | Villager (Male) |
| 12:14 | Create | Spearman |
| 12:27 | Create | Archer |
| 12:27 | Create | Archer |
| 12:59 | Create | Villager (Male) |
| 13:03 | Create | Archer |
| 13:03 | Create | Archer |
| 13:09 | Build | Blacksmith |
| 13:18 | Create | Villager (Male) |
| 13:33 | Build | Farm |
| 13:35 | Create | Villager (Male) |
| 13:38 | Create | Archer |
| 14:31 | Create | Villager (Male) |
| 14:31 | Create | Villager (Male) |
| 14:31 | Create | Villager (Male) |
| 14:32 | Create | Archer |
| 14:32 | Create | Archer |
| 14:49 | Research | Fletching |
| 15:06 | Create | Villager (Male) |
| 15:09 | Build | Farm |
| 15:09 | Build | Farm |
| 15:09 | Build | Farm |
| 15:15 | Create | Archer |
| 15:15 | Create | Archer |
| 16:02 | Create | Villager (Male) |
| 16:03 | Create | Archer |
| 16:04 | Create | Archer |
| 16:04 | Create | Archer |
| 16:26 | Create | Archer |
| 16:28 | Create | Villager (Male) |
| 16:28 | Create | Villager (Male) |
| 16:31 | Create | Villager (Male) |
| 16:34 | Build | House |
| 16:39 | Build | House |
| 16:40 | Build | House |
| 16:45 | Create | Villager (Male) |
| 17:11 | Create | Spearman |
| 17:18 | Create | Villager (Male) |
| 17:19 | Create | Archer |
| 17:20 | Create | Archer |
| 17:35 | Create | Villager (Male) |
| 17:38 | Build | Farm |
| 18:12 | Build | Market |
| 18:18 | Build | Farm |
| 18:18 | Build | Farm |
| 18:18 | Build | Farm |
| 18:19 | Build | Farm |
| 18:23 | Research | Horse Collar |
| 19:00 | Create | Villager (Male) |
| 19:20 | Build | Farm |
| 19:21 | Build | Farm |
| 19:21 | Build | Farm |
| 19:32 | Create | Villager (Male) |
| 20:00 | Build | House |
| 20:01 | Build | House |
| 20:02 | Build | House |
| 20:08 | Research | Castle Age |
| 20:16 | Build | House |
| 20:17 | Build | House |
| 20:28 | Create | Archer |
| 20:28 | Create | Archer |
| 20:44 | Create | Spearman |
| 20:45 | Create | Spearman |
| 20:45 | Create | Spearman |
| 20:50 | Create | Archer |
| 21:03 | Create | Archer |
| 21:18 | Create | Archer |
| 22:48 | Age | Castle Age |
| 23:00 | Build | Archery Range |
| 23:06 | Create | Villager (Male) |
| 23:06 | Create | Villager (Male) |
| 23:06 | Create | Villager (Male) |
| 23:20 | Create | Trade Cart |
| 23:22 | Build | Town Center |
| 23:23 | Create | Villager (Male) |
| 23:24 | Create | Villager (Male) |
| 23:24 | Create | Villager (Male) |
| 23:24 | Create | Villager (Male) |
| 23:28 | Create | Archer |
| 23:28 | Create | Archer |
| 23:30 | Create | Spearman |
| 23:30 | Create | Spearman |
| 23:30 | Research | Pikeman (upgrade) |
| 23:51 | Research | Crossbowman (upgrade) |
| 23:53 | Research | Bodkin Arrow |
| 23:54 | Research | Padded Archer Armor |
| 24:03 | Build | Farm |
| 24:05 | Create | Spearman |
| 24:46 | Create | Skirmisher |
| 24:46 | Create | Skirmisher |
| 24:46 | Create | Skirmisher |
| 24:51 | Create | Villager (Male) |
| 25:01 | Create | Skirmisher |
| 25:06 | Create | Archer |
| 25:07 | Create | Archer |
| 25:07 | Create | Skirmisher |
| 25:12 | Create | Villager (Male) |
| 25:13 | Create | Villager (Male) |
| 25:29 | Build | House |
| 25:37 | Create | Skirmisher |
| 25:38 | Create | Skirmisher |
| 25:38 | Create | Skirmisher |
| 25:45 | Build | Stone Wall |
Build order — baresflorian1990
First 150 of 421 actions detected
| 0:03 | Create | Villager (Male) |
| 0:03 | Create | Villager (Male) |
| 0:03 | Create | Villager (Male) |
| 0:03 | Create | Villager (Male) |
| 0:06 | Build | House |
| 0:07 | Build | House |
| 1:32 | Create | Villager (Male) |
| 2:01 | Create | Villager (Male) |
| 2:14 | Create | Villager (Male) |
| 2:20 | Build | Lumber Camp |
| 2:56 | Create | Villager (Male) |
| 2:56 | Create | Villager (Male) |
| 3:06 | Build | House |
| 3:36 | Create | Villager (Male) |
| 3:36 | Create | Villager (Male) |
| 4:26 | Build | Mill |
| 4:30 | Create | Villager (Male) |
| 4:31 | Research | Loom |
| 5:01 | Create | Villager (Male) |
| 5:01 | Create | Villager (Male) |
| 5:29 | Create | Villager (Male) |
| 5:30 | Create | Villager (Male) |
| 6:11 | Create | Villager (Male) |
| 6:11 | Create | Villager (Male) |
| 6:12 | Create | Villager (Male) |
| 6:25 | Build | House |
| 6:45 | Build | House |
| 7:18 | Build | Mining Camp |
| 7:26 | Build | Palisade Wall |
| 7:29 | Create | Villager (Male) |
| 8:41 | Build | Palisade Wall |
| 8:43 | Build | Palisade Wall |
| 8:48 | Build | Palisade Wall |
| 8:52 | Build | Palisade Wall |
| 8:57 | Build | Palisade Wall |
| 9:03 | Build | Palisade Wall |
| 9:06 | Build | Palisade Wall |
| 9:13 | Build | Palisade Wall |
| 9:23 | Build | Palisade Wall |
| 9:42 | Build | Mill |
| 9:57 | Build | Palisade Wall |
| 10:01 | Research | Feudal Age |
| 10:29 | Build | House |
| 10:43 | Build | Palisade Wall |
| 11:01 | Create | Villager (Male) |
| 11:25 | Create | Villager (Male) |
| 11:34 | Build | House |
| 11:38 | Create | Villager (Male) |
| 12:07 | Build | Farm |
| 12:07 | Build | Farm |
| 12:07 | Build | Farm |
| 12:08 | Build | Farm |
| 12:11 | Age | Feudal Age |
| 12:33 | Research | Double-Bit Axe |
| 12:59 | Build | Market |
| 13:46 | Build | Blacksmith |
| 13:58 | Build | Palisade Wall |
| 14:22 | Build | House |
| 14:23 | Build | House |
| 14:26 | Create | Villager (Male) |
| 14:26 | Create | Villager (Male) |
| 15:31 | Build | House |
| 15:31 | Build | House |
| 15:43 | Build | Farm |
| 15:43 | Build | Farm |
| 15:44 | Build | Farm |
| 15:44 | Build | Farm |
| 15:44 | Build | Farm |
| 15:44 | Build | Farm |
| 16:01 | Research | Castle Age |
| 16:39 | Build | House |
| 16:43 | Build | House |
| 17:03 | Build | House |
| 17:07 | Build | Palisade Wall |
| 17:08 | Build | Palisade Wall |
| 17:41 | Build | Palisade Wall |
| 18:34 | Build | Watch Tower |
| 18:41 | Age | Castle Age |
| 19:42 | Build | Lumber Camp |
| 20:29 | Create | Villager (Male) |
| 20:29 | Create | Villager (Male) |
| 20:29 | Create | Villager (Male) |
| 20:30 | Create | Villager (Male) |
| 20:30 | Create | Villager (Male) |
| 20:30 | Create | Villager (Male) |
| 21:25 | Research | Fletching |
| 21:47 | Build | Farm |
| 22:17 | Build | Farm |
| 22:17 | Build | Farm |
| 23:05 | Create | Villager (Male) |
| 23:05 | Create | Villager (Male) |
| 23:06 | Create | Villager (Male) |
| 23:23 | Build | Farm |
| 23:24 | Build | Farm |
| 23:25 | Build | Farm |
| 23:52 | Create | Villager (Male) |
| 23:53 | Create | Villager (Male) |
| 24:31 | Build | Watch Tower |
| 24:47 | Create | Villager (Male) |
| 24:47 | Create | Villager (Male) |
| 24:59 | Build | Mining Camp |
| 25:12 | Create | Villager (Male) |
| 25:18 | Build | Farm |
| 25:35 | Create | Villager (Male) |
| 26:06 | Build | House |
| 26:24 | Build | House |
| 26:31 | Create | Villager (Male) |
| 26:50 | Build | House |
| 26:54 | Build | Farm |
| 26:59 | Create | Villager (Male) |
| 26:59 | Create | Villager (Male) |
| 27:13 | Build | Farm |
| 27:13 | Build | Farm |
| 27:13 | Build | Farm |
| 27:13 | Build | Farm |
| 27:43 | Create | Villager (Male) |
| 28:09 | Build | Mill |
| 28:13 | Build | Farm |
| 28:13 | Build | Farm |
| 28:13 | Build | Farm |
| 28:13 | Build | Farm |
| 28:14 | Build | Farm |
| 28:24 | Create | Villager (Male) |
| 28:38 | Create | Villager (Male) |
| 28:46 | Build | Farm |
| 28:48 | Build | Farm |
| 28:49 | Build | Farm |
| 28:50 | Build | Farm |
| 28:56 | Create | Villager (Male) |
| 29:16 | Create | Villager (Male) |
| 29:29 | Build | Mining Camp |
| 30:15 | Create | Villager (Male) |
| 30:20 | Create | Villager (Male) |
| 30:30 | Create | Villager (Male) |
| 30:43 | Build | Town Center |
| 30:46 | Create | Villager (Male) |
| 30:47 | Create | Villager (Male) |
| 31:27 | Build | Town Center |
| 31:31 | Create | Villager (Male) |
| 31:31 | Create | Villager (Male) |
| 31:32 | Create | Villager (Male) |
| 32:02 | Research | Scale Barding Armor |
| 32:06 | Create | Villager (Male) |
| 32:06 | Create | Villager (Male) |
| 32:07 | Create | Villager (Male) |
| 32:07 | Create | Villager (Male) |
| 32:42 | Research | Bow Saw |
| 32:53 | Build | Farm |
| 33:14 | Research | Stone Mining |
| 33:19 | Research | Wheelbarrow |
Build order — Hinbin
First 150 of 240 actions detected
| 0:01 | Create | Villager (Male) |
| 0:01 | Create | Villager (Male) |
| 0:04 | Create | Villager (Male) |
| 0:04 | Create | Villager (Male) |
| 0:04 | Create | Villager (Male) |
| 0:06 | Build | House |
| 0:07 | Build | House |
| 1:24 | Create | Villager (Male) |
| 1:24 | Create | Villager (Male) |
| 1:51 | Build | Lumber Camp |
| 2:17 | Create | Villager (Male) |
| 2:17 | Create | Villager (Male) |
| 3:09 | Create | Villager (Male) |
| 3:09 | Create | Villager (Male) |
| 3:35 | Build | House |
| 4:06 | Build | Mill |
| 4:14 | Create | Villager (Male) |
| 4:14 | Create | Villager (Male) |
| 4:15 | Create | Villager (Male) |
| 5:17 | Create | Villager (Male) |
| 5:29 | Research | Loom |
| 6:45 | Research | Feudal Age |
| 7:11 | Build | Barracks |
| 7:32 | Build | House |
| 7:37 | Create | Villager (Male) |
| 8:55 | Age | Feudal Age |
| 8:57 | Build | Stable |
| 8:59 | Research | Double-Bit Axe |
| 9:17 | Create | Villager (Male) |
| 9:18 | Create | Villager (Male) |
| 9:22 | Build | Farm |
| 9:45 | Research | Horse Collar |
| 9:59 | Build | Farm |
| 10:02 | Create | Scout Cavalry |
| 10:18 | Create | Scout Cavalry |
| 10:24 | Build | House |
| 10:28 | Build | Farm |
| 10:39 | Build | Farm |
| 10:46 | Create | Villager (Male) |
| 10:47 | Create | Villager (Male) |
| 11:00 | Create | Scout Cavalry |
| 11:30 | Build | Farm |
| 11:37 | Build | Farm |
| 11:39 | Create | Scout Cavalry |
| 11:45 | Build | Farm |
| 11:46 | Create | Villager (Male) |
| 12:21 | Build | House |
| 12:37 | Create | Villager (Male) |
| 12:37 | Create | Villager (Male) |
| 12:37 | Create | Villager (Male) |
| 12:55 | Build | Farm |
| 13:23 | Build | Blacksmith |
| 14:27 | Create | Villager (Male) |
| 14:28 | Create | Villager (Male) |
| 14:28 | Create | Villager (Male) |
| 14:28 | Create | Villager (Male) |
| 14:34 | Build | Mining Camp |
| 14:37 | Research | Forging |
| 15:35 | Create | Villager (Male) |
| 15:41 | Build | Mining Camp |
| 15:47 | Build | Farm |
| 15:51 | Build | Farm |
| 15:54 | Build | Farm |
| 15:57 | Build | Farm |
| 16:41 | Build | House |
| 16:48 | Research | Scale Barding Armor |
| 17:56 | Research | Castle Age |
| 18:00 | Build | House |
| 18:02 | Build | House |
| 19:30 | Research | Wheelbarrow |
| 20:25 | Create | Villager (Male) |
| 20:36 | Age | Castle Age |
| 20:38 | Build | Town Center |
| 20:44 | Research | Bloodlines |
| 20:44 | Create | Knight |
| 20:45 | Create | Knight |
| 20:45 | Create | Knight |
| 20:49 | Create | Villager (Male) |
| 22:03 | Create | Villager (Male) |
| 22:04 | Create | Villager (Male) |
| 22:04 | Create | Villager (Male) |
| 22:04 | Create | Villager (Male) |
| 22:04 | Create | Villager (Male) |
| 23:18 | Create | Knight |
| 23:26 | Create | Villager (Male) |
| 23:26 | Create | Villager (Male) |
| 23:26 | Create | Villager (Male) |
| 23:27 | Create | Villager (Male) |
| 25:14 | Build | Lumber Camp |
| 25:24 | Research | Iron Casting |
| 26:10 | Build | Farm |
| 26:12 | Build | Farm |
| 26:14 | Build | Farm |
| 26:26 | Create | Villager (Male) ×5 |
| 26:33 | Create | Villager (Male) |
| 26:33 | Create | Villager (Male) |
| 26:34 | Create | Villager (Male) |
| 26:46 | Research | Chain Barding Armor |
| 26:47 | Research | Padded Archer Armor |
| 26:48 | Research | Fletching |
| 27:04 | Build | Town Center |
| 27:10 | Create | Villager (Male) ×5 |
| 27:21 | Build | House |
| 27:22 | Build | House |
| 27:24 | Build | House |
| 27:30 | Build | House |
| 27:31 | Build | House |
| 27:32 | Build | House |
| 28:15 | Create | Villager (Male) ×5 |
| 28:24 | Create | Villager (Male) ×5 |
| 29:20 | Build | Archery Range |
| 29:24 | Build | Archery Range |
| 29:39 | Build | Farm |
| 29:52 | Build | House |
| 30:08 | Research | Elite Skirmisher (upgrade) |
| 30:12 | Research | Leather Archer Armor |
| 30:12 | Research | Bodkin Arrow |
| 30:40 | Build | Farm |
| 30:59 | Create | Skirmisher |
| 30:59 | Create | Skirmisher |
| 30:59 | Create | Skirmisher |
| 31:00 | Create | Skirmisher |
| 31:28 | Build | Mining Camp |
| 31:41 | Build | Farm |
| 31:42 | Build | Farm |
| 31:45 | Build | Farm |
| 31:58 | Research | Bow Saw |
| 32:46 | Create | Skirmisher |
| 32:46 | Create | Skirmisher |
| 32:46 | Create | Skirmisher |
| 33:00 | Create | Skirmisher |
| 33:01 | Create | Skirmisher |
| 33:26 | Create | Skirmisher |
| 33:26 | Create | Skirmisher |
| 33:27 | Create | Skirmisher |
| 33:28 | Create | Skirmisher |
| 33:42 | Build | Farm |
| 33:44 | Build | Farm |
| 34:02 | Build | Farm |
| 34:06 | Create | Villager (Male) ×5 |
| 34:11 | Build | Farm |
| 34:51 | Create | Skirmisher |
| 34:51 | Create | Skirmisher |
| 34:52 | Create | Skirmisher |
| 35:02 | Build | Farm |
| 35:09 | Build | House |
| 35:12 | Create | Villager (Male) ×5 |
| 35:19 | Build | House |
| 35:25 | Build | House |
| 35:34 | Create | Skirmisher |
Match timeline
| 6:17 | For Ged's eyes only · wall_segment Palisade Wall x2 |
| 7:11 | Hinbin · first_building Barracks |
| 7:26 | baresflorian1990 · wall_segment Palisade Wall x7 |
| 7:40 | For Ged's eyes only · wall_segment Palisade Wall x2 |
| 8:41 | baresflorian1990 · wall_segment Palisade Wall x6 |
| 8:42 | strongfire2002 · wall_segment Palisade Wall x9 |
| 8:43 | baresflorian1990 · wall_segment Palisade Wall x5 |
| 8:48 | baresflorian1990 · wall_segment Palisade Wall x13 |
| 8:52 | baresflorian1990 · wall_segment Palisade Wall x1 |
| 8:55 | Hinbin · age_up feudal |
| 8:57 | Hinbin · first_building Stable |
| 8:57 | baresflorian1990 · wall_segment Palisade Wall x14 |
| 9:03 | baresflorian1990 · wall_segment Palisade Wall x1 |
| 9:06 | baresflorian1990 · wall_segment Palisade Wall x4 |
| 9:09 | strongfire2002 · first_building Barracks |
| 9:13 | baresflorian1990 · wall_segment Palisade Wall x16 |
| 9:23 | baresflorian1990 · wall_segment Palisade Wall x10 |
| 9:57 | baresflorian1990 · wall_segment Palisade Wall x3 |
| 10:10 | For Ged's eyes only · first_building Barracks |
| 10:11 | For Ged's eyes only · age_up feudal |
| 10:12 | strongfire2002 · age_up feudal |
| 10:43 | baresflorian1990 · wall_segment Palisade Wall x1 |
| 10:45 | strongfire2002 · first_building Stable |
| 11:23 | For Ged's eyes only · first_building Archery Range |
| 12:11 | baresflorian1990 · age_up feudal |
| 13:58 | baresflorian1990 · wall_segment Palisade Wall x1 |
| 14:45 | strongfire2002 · first_market_sell 100 food |
| 16:27 | strongfire2002 · first_market_buy 100 stone |
| 17:07 | baresflorian1990 · wall_segment Palisade Wall x1 |
| 17:08 | baresflorian1990 · wall_segment Palisade Wall x1 |
| 17:41 | baresflorian1990 · wall_segment Palisade Wall x6 |
| 17:44 | strongfire2002 · age_up castle |
| 18:25 | baresflorian1990 · first_market_buy 100 wood |
| 18:41 | baresflorian1990 · age_up castle |
| 19:20 | strongfire2002 · tribute_sent a jugador 1 |
| 19:20 | strongfire2002 · tribute_sent a jugador 2 |
| 19:20 | strongfire2002 · tribute_sent a jugador 3 |
| 19:24 | For Ged's eyes only · first_market_sell 100 wood |
| 19:25 | For Ged's eyes only · first_market_buy 100 food |
| 20:36 | Hinbin · age_up castle |
| 20:43 | strongfire2002 · first_building Castle |
| 22:48 | For Ged's eyes only · age_up castle |
| 24:20 | strongfire2002 · tribute_sent a jugador 1 |
| 24:20 | strongfire2002 · tribute_sent a jugador 2 |
| 24:20 | strongfire2002 · tribute_sent a jugador 3 |
| 25:45 | For Ged's eyes only · wall_segment Stone Wall x1 |
| 25:46 | For Ged's eyes only · wall_segment Stone Wall x1 |
| 26:42 | baresflorian1990 · first_market_sell 100 wood |
| 29:20 | Hinbin · first_building Archery Range |
| 31:51 | baresflorian1990 · tribute_sent a jugador 1 |
| 31:51 | baresflorian1990 · tribute_sent a jugador 3 |
| 31:51 | baresflorian1990 · tribute_sent a jugador 4 |
| 34:36 | baresflorian1990 · first_building Barracks |
| 35:03 | For Ged's eyes only · first_building Castle |
| 35:24 | baresflorian1990 · first_building Stable |
| 36:56 | baresflorian1990 · first_building Castle |
| 37:02 | Hinbin · first_building Castle |
| 37:15 | strongfire2002 · age_up imperial |
| 37:18 | Hinbin · first_building Monastery |
| 39:59 | Hinbin · first_building Siege Workshop |
| 41:33 | Hinbin · age_up imperial |
| 42:50 | For Ged's eyes only · age_up imperial |
| 45:35 | baresflorian1990 · age_up imperial |
| 45:40 | strongfire2002 · tribute_sent a jugador 1 |
| 45:40 | strongfire2002 · tribute_sent a jugador 2 |
| 45:40 | strongfire2002 · tribute_sent a jugador 3 |
| 52:15 | strongfire2002 · first_building Archery Range |
| 57:42 | baresflorian1990 · tribute_sent a jugador 1 |
| 57:42 | baresflorian1990 · tribute_sent a jugador 3 |
| 57:42 | baresflorian1990 · tribute_sent a jugador 4 |
| 57:57 | For Ged's eyes only · resign |
[ AI ANALYSIS · 1 CREDIT ]
What really happened in this match?
Wolo.gg analyzes every decision: build order, eco, micro, common mistakes by bracket. Personalized analysis on WhatsApp or Discord in 30 seconds.
Civ guide
Mongols
Perfil
Jugador #9094384